 Dungeon Crawl Stone Soup version 0.28.0-45-g0d030f2227 (webtiles) character file.

Game seed: 10168614515294592032

9956 DemonSlayer the Thaumaturge (level 11, -2/74 HPs)
             Began as a Demonspawn Fire Elementalist on Apr 1, 2022.
             Was a Believer of Cheibriados.
             Slain by a sixfirhy (3 damage)
             ... summoned by an orc high priest
             ... on level 2 of the Orcish Mines.
             The game lasted 00:42:53 (16932 turns).

DemonSlayer the Thaumaturge (DsFE)                 Turns: 16932, Time: 00:42:53

Health: -2/74      AC: 15    Str: 12    XL:     11   Next: 29%
Magic:  25/25      EV: 14    Int: 25    God:    Cheibriados [**....]
Gold:   967        SH:  8    Dex: 26    Spells: 14/31 levels left

rFire   . . .      SeeInvis .   b - +3 quick blade
rCold   . . .      Faith    .   e - +2 buckler
rNeg    . . .      Spirit   .   g - +0 troll leather armour
rPois   +          Reflect  .   f - +2 hat
rElec   .          Harm     .   h - +0 cloak
rCorr   .          Rampage  .   (no gloves)
Will    .....                   J - +0 pair of boots of Exteh {Drain Dex+8 Stlth+}
Stlth   ++++......              (no amulet)
HPRegen 1.02/turn               c - +4 ring of protection
MPRegen 0.38/turn               r - ring of poison resistance

@: spiked, very slow
A: horns 2, slimy green scales 2, magic regeneration
a: Renounce Religion, Bend Time


You were on level 2 of the Orcish Mines.
You worshipped Cheibriados.
Cheibriados was pleased with you.
You visited 3 branches of the dungeon, and saw 12 of its levels.

You collected 967 gold pieces.

Inventory:

Hand Weapons
 b - a +3 quick blade (weapon)
Armour
 a - a +0 robe
 e - a +2 buckler (worn)
 f - a +2 hat (worn)
 g - a +0 troll leather armour (worn)
 h - a +0 cloak (worn)
 E - the +3 ring mail "Fuinolo" {*Corrode Will+ MP+9 Str+3}
   (You found it on level 8 of the Dungeon)

   Str:       It affects your strength (+3).
   MP:        It affects your magic capacity (+9).
   *Corrode:  It may corrode you when you take damage.
   Will:      It increases your willpower.
 J - the +0 pair of boots of Exteh (worn) {Drain Dex+8 Stlth+}
   (You found it on level 9 of the Dungeon)

   Dex:       It affects your dexterity (+8).
   Drain:     It drains your maximum health when unequipped.
   Stlth:     It makes you more stealthy.
Jewellery
 c - a +4 ring of protection (left hand)
 d - a ring of see invisible
 r - a ring of poison resistance (right hand)
Wands
 v - a wand of flame (34)
 C - a wand of polymorph (10)
 I - a wand of digging (3)
Scrolls
 n - 2 scrolls of magic mapping
 w - a scroll of vulnerability
 y - a scroll of enchant armour
 D - a scroll of immolation
 G - a scroll of summoning
Potions
 i - 4 potions of heal wounds
 j - a potion of brilliance
 k - a potion of ambrosia {unknown}
 m - 4 potions of curing
 p - a potion of invisibility {unknown}
 z - 4 potions of lignification {unknown}
 A - 2 potions of mutation {unknown}
 H - a potion of attraction {unknown}


   Skills:
 + Level 2.6 Fighting
 + Level 1.2 Short Blades
 + Level 0.3 Throwing
 + Level 0.7 Armour
 + Level 4.4 Dodging
 + Level 4.6 Stealth
 + Level 2.2 Shields
 + Level 1.2 Unarmed Combat
 + Level 10.8 Spellcasting
 + Level 2.6 Conjurations
 + Level 10.2 Fire Magic
 + Level 1.3 Evocations


You had 14 spell levels left.
You knew the following spells:

 Your Spells              Type           Power      Damage    Failure   Level
a - Foxfire               Conj/Fire      100%       2x1d9     1%          1
b - Scorch                Fire           100%       2d10      1%          2
c - Conjure Flame         Conj/Fire      45%        6-21      1%          3
d - Flame Wave            Conj/Fire      45%        2d10      5%          4
e - Cause Fear            Hex            6%         N/A       61%         4
f - Inner Flame           Hex/Fire       39%        N/A       3%          3

Your spell library contained the following spells:

 Spells                   Type           Power      Damage    Failure   Level
 Apportation              Tloc           26%        N/A       8%          1
 Animate Armour           Summ/Erth      26%        N/A       61%         4
 Alistair's Intoxication  Tmut/Pois      8%         N/A       91%         5
 Blade Hands              Tmut           6%         N/A       91%         5
 Summon Forest            Summ/Tloc      6%         N/A       91%         5
 Summon Mana Viper        Hex/Summ       13%        N/A       91%         5
 Iron Shot                Conj/Erth      10%        9d3       100%        6
 Summon Cactus Giant      Summ           6%         N/A       100%        6
 Discord                  Hex            6%         N/A       100%        8


Dungeon Overview and Level Annotations

Branches:
Dungeon (9/15)             Temple (1/1) D:7            Lair (0/6) D:9
    Orc (2/2) D:9             Elf (0/3) Orc:2

Altars:
Ashenzari
Cheibriados
Dithmenos
Elyvilon
Fedhas
Gozag
Hepliaklqana
Kikubaaqudgha
Makhleb
Nemelex Xobeh
Okawaru
Qazlal
Ru
Sif Muna
Trog
Uskayaw
Vehumet
Wu Jian
Xom
Yredelemnul
Zin

Shops:
D:4 (   Orc:1 *


Innate Abilities, Weirdness & Mutations

You have a pair of horns on your head.
You are mostly covered in slimy green scales. (AC +3)
You regenerate magic rapidly.


Message History

The sixfirhy hits you but does no damage.
You block the sixfirhy's attack. The sixfirhy misses you.
The orc high priest closely misses you. The orc warrior barely misses you.
You block the chaos spawn's attack.
An orc warrior comes into view. It is wielding a +0 dire flail.
The sixfirhy closely misses you. The sixfirhy hits you!
The sixfirhy shocks you!
The sixfirhy hits you but does no damage. x2
You block the sixfirhy's attack.
The chaos spawn splatters into many small globs of multi-coloured light, then recombines.
Blink to where?
Press: ? - help, Dir - move target
As you read the scroll of blinking, it crumbles to dust.
An orc warrior is nearby!
The orc high priest prays to Beogh.
The orc high priest invokes the aid of Beogh against you.
Beogh smites you!
The orc warrior hits you with a +0 long sword.
The orc high priest mumbles some strange prayers to Beogh.
The orc warrior barely misses you. The orc warrior misses you.
The orc high priest mumbles some strange prayers to Beogh.
The red devil closely misses you.
Things that are here:
a +0 plate armour; a +1 dire flail of protection The sixfirhy hits you but does no damage.
The orc high priest calls down the wrath of Beogh upon you.
Beogh smites you!
There is a stone staircase leading up, spattered with blood here.
The sixfirhy hits you!
* * * LOW HITPOINT WARNING * * *
The sixfirhy shocks you!
* * * LOW HITPOINT WARNING * * *
The sixfirhy hits you but does no damage.
The sixfirhy misses you.
The red devil hits you from afar with a +0 trident.
* * * LOW HITPOINT WARNING * * *
Barbed spikes become lodged in your body.
The sixfirhy hits you.
You die...

#....................#
##...................###
#......................#
##.............o.........
#....#....#....#........#
#..#.#.[.......#.......#
#.......))....##....#...
##.....))3.o..#...####..
#....)@34.o.....### #..
##.#..).o.......#.###..
#..................#...
#........#.....#.#.###..
##.##.#.###...#^..## ###
## ###.# ##.#....# # ...
####..## ## ##.# #### #.
#.


You could see a soul eater (summoned), an orc high priest, a sixfirhy
(summoned), a red devil (summoned), 2 orc warriors and an orc.

Vanquished Creatures
  2 two-headed ogres
  A cyclops (Orc:2)
  A gargoyle (D:7)
  4 trolls
  A wraith (D:9)
  4 yaks (D:9)
  A human (D:7)
  A steam dragon (D:9)
  3 hogs (D:7)
  2 water moccasins
  14 orc warriors
  A sky beast (D:6)
  3 ice beasts
  A black bear (D:4)
  3 ogres
  3 centaurs
  2 phantoms
  3 wolves (D:9)
  2 kobold brigands
  A bullfrog (D:6)
  A wyvern zombie (D:6)
  3 gnoll sergeants
  4 scorpions
  A water moccasin zombie (D:9)
  A water moccasin skeleton (D:3)
  4 killer bees
  3 electric eels (D:9)
  9 wights
  2 bullfrog zombies (D:6)
  A centaur zombie (D:8)
  8 hounds
  2 bullfrog skeletons
  3 centaur skeletons
  4 iguanas
  7 orc priests
  Jessica (D:3)
  Natasha (thrice) (D:2)
  15 orc wizards
  7 gnolls
  A howler monkey zombie (D:7)
  5 adders
  2 shadow imps
  2 white imps
  An ufetubus (D:7)
  2 worms (D:2)
  3 dart slugs
  46 orcs
  6 endoplasms
  4 giant cockroaches
  10 goblins
  5 hobgoblins
  9 jackals
  3 quokkas
  4 ball pythons
  7 bats
  A frilled lizard (D:1)
  18 kobolds
  4 rats
265 creatures vanquished.

Vanquished Creatures (others)
  183 foxfires
183 creatures vanquished.

Grand Total: 448 creatures vanquished

Notes
Turn   | Place    | Note
-------+----------+-------------------------------------------
     0 | D:1      | DemonSlayer the Demonspawn Fire Elementalist began the
                  | quest for the Orb.
     0 | D:1      | Reached XP level 1. HP: 13/13 MP: 3/3
   118 | D:1      | Found a faded altar of an unknown god.
   581 | D:1      | Gained mutation: You are partially covered in slimy green
                  | scales. (AC +2) [demonic ancestry]
   581 | D:1      | Reached XP level 2. HP: 17/19 MP: 0/5
  1130 | D:2      | Learned a level 2 spell: Scorch
  1690 | D:2      | Reached XP level 3. HP: 18/24 MP: 2/6
  2397 | D:2      | Noticed Natasha
  2404 | D:2      | Killed Natasha
  2405 | D:2      | Reached XP level 4. HP: 30/30 MP: 2/7
  2495 | D:2      | Noticed Natasha
  2501 | D:2      | Killed Natasha
  2710 | D:2      | Noticed Natasha
  2715 | D:2      | Killed Natasha
  2756 | D:2      | Learned a level 3 spell: Conjure Flame
  3190 | D:3      | Reached XP level 5. HP: 30/35 MP: 1/9
  3421 | D:3      | Noticed Jessica
  3426 | D:3      | Killed Jessica
  3755 | D:3      | Found a burning altar of Makhleb.
  4037 | D:3      | Learned a level 4 spell: Flame Wave
  4170 | D:4      | Gained mutation: You regenerate magic rapidly. [demonic
                  | ancestry]
  4170 | D:4      | Reached XP level 6. HP: 42/42 MP: 6/11
  4313 | D:4      | Reached skill level 1 in Shields
  4884 | D:4      | Found a shimmering altar of Xom.
  4971 | D:4      | Found Riniokk's Weapon Shoppe.
  5211 | D:4      | Gained mutation: You have a pair of small horns on your
                  | head. [demonic ancestry]
  5211 | D:4      | Reached XP level 7. HP: 18/47 MP: 3/13
  5434 | D:4      | Learned a level 4 spell: Cause Fear
  5451 | D:5      | Entered Level 5 of the Dungeon
  5462 | D:5      | Reached skill level 1 in Fighting
  5488 | D:5      | Reached skill level 5 in Fire Magic
  5581 | D:5      | Reached skill level 1 in Short Blades
  5949 | D:5      | Reached skill level 5 in Spellcasting
  6829 | D:5      | Reached XP level 8. HP: 56/56 MP: 10/15
  6889 | D:6      | Found a radiant altar of Vehumet.
  6914 | D:6      | Found a broken altar of Ashenzari.
  7971 | D:6      | Found a hide-covered altar of Uskayaw.
  8208 | D:6      | Reached XP level 9. HP: 55/61 MP: 11/19
  8610 | D:7      | Noticed a gargoyle
  8886 | D:7      | Noticed a two-headed ogre
  9038 | D:7      | Killed a two-headed ogre
  9287 | D:7      | Killed a gargoyle
  9796 | D:7      | Reached skill level 1 in Unarmed Combat
  9807 | D:7      | Gained mutation: You have a pair of horns on your head.
                  | [demonic ancestry]
  9807 | D:7      | Reached XP level 10. HP: 61/68 MP: 2/22
  9959 | D:7      | Found a staircase to the Ecumenical Temple.
 10073 | Temple   | Entered the Ecumenical Temple
 10699 | D:8      | Identified the +3 ring mail "Fuinolo" {*Corrode Will+ MP+9
                  | Str+3}
 12033 | D:9      | Identified the +0 pair of boots of Exteh {Drain Dex+8
                  | Stlth+}
 12044 | D:9      | Learned a level 3 spell: Inner Flame
 12168 | D:9      | Found a staircase to the Lair.
 12449 | D:9      | Found a snail-covered altar of Cheibriados.
 12555 | D:9      | Became a worshipper of Cheibriados the Contemplative
 13023 | D:9      | Reached skill level 1 in Evocations
 14208 | D:9      | Found a stormy altar of Qazlal.
 14305 | D:9      | Found a staircase to the Orcish Mines.
 14332 | D:9      | Reached skill level 10 in Spellcasting
 14443 | D:9      | Identified a scroll of acquirement
 14443 | D:9      | Acquired a +3 quick blade
 14494 | Orc:1    | Entered Level 1 of the Orcish Mines
 14685 | Orc:1    | Noticed a two-headed ogre
 15320 | Orc:1    | Found Angoukk's General Store.
 15375 | Orc:1    | Killed a two-headed ogre
 15376 | Orc:1    | Gained mutation: You are mostly covered in slimy green
                  | scales. (AC +3) [demonic ancestry]
 15376 | Orc:1    | Reached XP level 11. HP: 74/74 MP: 17/25
 15490 | Orc:1    | Reached * piety under Cheibriados
 15575 | Orc:1    | Noticed a +8 great sword
 15596 | Orc:1    | Reached skill level 10 in Fire Magic
 16072 | Orc:2    | Entered Level 2 of the Orcish Mines
 16647 | Orc:2    | Reached ** piety under Cheibriados
 16710 | Orc:2    | Found a staircase to the Elven Halls.
 16900 | Orc:2    | Noticed an orc high priest
 16902 | Orc:2    | Noticed a sixfirhy
 16926 | Orc:2    | Noticed a soul eater
 16930 | Orc:2    | Noticed a sixfirhy
 16932 | Orc:2    | HP: 1/74 [red devil/+0 trident[an orc high priest] (4)]
 16932 | Orc:2    | Slain by a sixfirhy

Illustrated notes

Levels and vault maps discovered:
D:1:      saegor_arrival_miasma, layout_loops_ring,
          ebering_ecumenical_altar_abandoned
D:2:      layout_basic, nicolae_concentric_dashed_squares_mild,
          item_on_display_a, uniq_natasha
D:3:      layout_basic, marbit_many_paths, uniq_jessica
D:4:      layout_loops_corners, xom_teletrap_fun, serial_shops, shop,
          minmay_misc_feat_secret_circle
D:5:      layout_rooms, minmay_a_box_with_orc_wizards_in_it
D:6:      minmay_skewed_foursquare, layout_loops_corners,
          grunt_temple_overflow_open, nicolae_uskayaw_suspiria,
          hangedman_decor_lopped, bh_walls_and_bars
D:7:      layout_cave_pools, minmay_temple_entry_poolview, grunt_livestock
D:8:      layout_loops_corners
D:9:      layout_gridville, nicolae_overflow_crystal_walls,
          mainiacjoe_overflow_small_starburst, chei_slow_surprise,
          erik_lair_island, orc_0_dummy, due_unseen_surprise
Temple:   nicolae_temple_figure_eight
Orc:1:    layout_diamond_mine, serial_shops, nicolae_diamond_shop,
          hellmonk_bongcloud_opening, sword_in_stone
Orc:2:    st_orc_elflike, layout_caves

Skill      XL: |  1  2  3  4  5  6  7  8  9 10 11 |
---------------+----------------------------------+-----
Stealth        | 2 3 4 |  4.6
Fire Magic     | 3 4 5 7 8 9 10 | 10.2
Spellcasting   | 3 4 5 6 8 10 | 10.8
Conjurations   | 2 |  2.6
Dodging        | 2 3 4 |  4.4
Shields        | 1 2 |  2.2
Fighting       | 2 |  2.6
Short Blades   | 1 |  1.2
Unarmed Combat | 1 |  1.2
Evocations     | 1 |  1.3
Throwing       | |  0.3
Armour         | |  0.7

Action                   |  1- 3 |  4- 6 |  7- 9 | 10-12 || total
-------------------------+-------+-------+-------+-------++-------
Melee: Dagger            |    27 |    82 |    18 |    15 ||   142
       Unarmed           |     2 |       |     9 |       ||    11
       Headbutt          |       |       |     5 |     3 ||     8
       Quick blade       |       |       |       |     4 ||     4
Throw: Dart              |       |       |     1 |    11 ||    12
 Cast: Foxfire           |    60 |    27 |    12 |    15 ||   114
       Scorch            |    11 |    56 |   155 |   198 ||   420
       Flame Wave        |       |       |       |    11 ||    11
Evoke: Wand              |       |       |     6 |    17 ||    23
  Use: Potion            |       |     2 |     3 |     1 ||     6
       Scroll            |       |       |     8 |    12 ||    20
 Stab: Sleeping          |     1 |       |     4 |     4 ||     9
       Paralysed         |       |       |     8 |       ||     8
Armor: Robe              |    11 |    46 |    27 |    30 ||   114
       Skin              |       |       |     1 |       ||     1
       Troll leather arm |       |       |       |    20 ||    20
Dodge: Dodged            |    20 |    56 |    61 |    94 ||   231
Block: Buckler           |     8 |    33 |    42 |    69 ||   152
